 Dungeon Crawl Stone Soup version 0.24.0-37-gcf1ca852f1 (webtiles) character file.

Game seed: 3122011481966224808, levelgen mode: deterministic

114 grindst0ne the Archer (level 4, -1/36 HPs)
             Began as a Centaur Hunter on Nov 25, 2019.
             Slain by a worker ant (6 damage)
             ... on level 4 of the Dungeon.
             The game lasted 00:03:10 (1270 turns).

grindst0ne the Archer (Centaur Hunter)              Turns: 1270, Time: 00:03:11

Health: -1/36      AC:  4    Str: 15    XL:     4   Next: 66%
Magic:  4/4        EV:  9    Int: 10    God:
Gold:   69         SH:  0    Dex: 10    Spells: 3/3 levels left

rFire    . . .     SeeInvis .   b - +0 short sword
rCold    . . .     Gourm    .   (no shield)
rNeg     . . .     Faith    .   c - +0 leather armour
rPois    .         Spirit   .   (no helmet)
rElec    .         Reflect  .   (no cloak)
rCorr    .         Harm     .   (no gloves)
MR       .....                  (no barding)
Stlth    +.........             (no amulet)
HPRegen  0.12/turn              (no ring)
MPRegen  0.09/turn              (no ring)

@: flying, very quick
A: large, hooves 3, deformed body, speed 2, tough skin 3
a: no special abilities


You were on level 4 of the Dungeon.
You were not hungry.

You visited 1 branch of the dungeon, and saw 3 of its levels.

You collected 69 gold pieces.

Inventory:

Hand Weapons
 a - a +1 shortbow
 b - a +0 short sword (weapon)
Missiles
 d - 9 arrows
Armour
 c - a +0 leather armour (worn)
Scrolls
 e - 4 scrolls of identify {unknown}
 j - a scroll of noise {unknown}
 k - a scroll of teleportation {unknown}
 l - a scroll of random uselessness {unknown}
 m - a scroll of blinking {unknown}
 p - a scroll of fear {unknown}
 r - a scroll of remove curse {unknown}
Potions
 h - a potion of flight
 i - a potion of lignification {unknown}
 n - 2 potions of curing {unknown}
 o - 2 potions of berserk rage {unknown}
 q - a potion of haste {unknown}
Comestibles
 f - 3 rations
 g - 6 chunks of flesh


   Skills:
 - Level 2.0 Fighting
 + Level 8.1 Bows
 - Level 1.3 Dodging
 - Level 0.4 Stealth


You had 3 spell levels left.
You didn't know any spells.
Your spell library was empty.

Dungeon Overview and Level Annotations

Branches:
Dungeon (2/15)

Altars:


Innate Abilities, Weirdness & Mutations

You have hooves in place of feet.
Armour fits poorly on your strangely shaped body.
You cover ground very quickly.
You have extremely tough skin. (AC +3)


Message History

You closely miss the hound. Your kick misses the hound.
The hound is almost dead.
The hound bites you but does no damage. x2; The worker ant bites you.
* * * LOW HITPOINT WARNING * * *
Okay, then.
Okay, then.
The hound misses you.
The hound pauses to sniff the ground.
You hit the hound but do no damage.
The hound is almost dead.
The hound bites you.
* * * LOW HITPOINT WARNING * * *
The hound bites you but does no damage.
You closely miss the hound. You kick the hound.
You kill the hound!
Your Bows skill increases to level 8!
It was a potion of flight.
You feel very buoyant.
You fly up into the air.
The worker ant bites you.
You die...

##### ....
###... ##
#.... +.
#...# #.
#...# #.#
#...#
#####..##@..#
........a...+
.......†#...#
#######.#####
#..# #..#
#..## #...#
#.#.##


You could see a worker ant.

Vanquished Creatures
  A hound (D:4)
  An orc priest (D:4)
  An ooze (D:2)
  3 dart slugs (D:2)
  3 orcs
  3 giant cockroaches (D:1)
  4 goblins (D:1)
  3 hobgoblins
  8 kobolds
  4 bats
  6 frilled lizards
  9 rats
46 creatures vanquished.

Notes
Turn   | Place    | Note
-------+----------+-------------------------------------------
     0 | D:1      | grindst0ne the Centaur Hunter began the quest for the Orb.
     0 | D:1      | Reached XP level 1. HP: 17/17 MP: 1/1
   298 | D:1      | Reached XP level 2. HP: 20/24 MP: 2/2
   299 | D:1      | Reached skill level 6 in Bows
   924 | D:2      | Reached XP level 3. HP: 27/29 MP: 3/3
  1181 | D:2      | Reached skill level 7 in Bows
  1238 | D:2      | You fall into a shaft and drop 2 floors!
  1251 | D:4      | Reached XP level 4. HP: 17/36 MP: 4/4
  1268 | D:4      | Reached skill level 8 in Bows
  1270 | D:4      | Slain by a worker ant

Levels and vault maps discovered:
D:1:      sevenhm_arrival_forest_fort_small_3, layout_rooms
D:2:      layout_loops_ring
D:4:      layout_basic, minmay_temple_entry_fiery, uniq_menkaure

Skill      XL: |  1  2  3  4 |
---------------+-------------+-----
Bows           | 6 7 8 |  8.1
Fighting       | |  2.0
Dodging        | |  1.3
Stealth        | |  0.4

Action                   |  1- 3 |  4- 6 || total
-------------------------+-------+-------++-------
Melee: Short sword       |   132 |     5 ||   137
       Kick              |    22 |     3 ||    25
 Fire: Shortbow          |    11 |       ||    11
  Use: Potion            |       |     1 ||     1
  Eat: Chunk             |     1 |       ||     1
Armor: Leather armour    |    77 |     4 ||    81
Dodge: Dodged            |    79 |     3 ||    82
